 Dungeon Crawl Stone Soup version 0.27-a0-1332-g84bddb5ca7 (webtiles) character file.

Game seed: 1177379087769995941

2 KenzoKunn the Slasher (level 1, -3/18 HPs)
             Began as a Human Berserker on June 25, 2021.
             Was a Follower of Trog.
             Slain by a goblin (4 damage)
             ... on level 1 of the Dungeon.
             The game lasted 00:00:24 (28 turns).

KenzoKunn the Slasher (Human Berserker)               Turns: 28, Time: 00:00:24

Health: -3/18      AC:  2    Str: 17    XL:     1   Next: 33%
Magic:  1/1        EV: 12    Int:  7    God:    Trog [*.....]
Gold:   14         SH:  0    Dex: 12    Spells: 0/0 levels left

rFire    . . .     SeeInvis .   a - +0 falchion
rCold    . . .     Faith    .   (no shield)
rNeg     . . .     Spirit   .   b - +0 animal skin
rPois    .         Reflect  .   (no helmet)
rElec    .         Harm     .   (no cloak)
rCorr    .         Rampage  .   (no gloves)
Will     .....                  (no boots)
Stlth    +.........             (no amulet)
HPRegen  0.06/turn              (no ring)
MPRegen  0.07/turn              (no ring)

@: no status effects
A: no striking features
a: Renounce Religion, Berserk


You were on level 1 of the Dungeon.
You worshipped Trog.
Trog was aware of your devotion.
You visited 1 branch of the dungeon, and saw 1 of its levels.

You collected 14 gold pieces.

Inventory:

Hand Weapons
 a - a +0 falchion (weapon)
Armour
 b - a +0 animal skin (worn)


   Skills:
 + Level 3.0 Fighting
 + Level 3.0 Long Blades
 + Level 2.0 Armour
 + Level 2.0 Dodging


You couldn't memorise any spells.
You didn't know any spells.
Your spell library was empty.

Dungeon Overview and Level Annotations

Branches:
Dungeon (1/15)

Altars:


Message History

You now have 14 gold pieces.
Found a metal-bound book.
A goblin and a hobgoblin come into view.
The goblin shouts!
The hobgoblin shouts!
A ball python comes into view.
The hobgoblin closely misses you. The goblin closely misses you.
You closely miss the hobgoblin. The hobgoblin closely misses you.
The goblin hits you with a +0 dagger.
The ball python hisses angrily.
You hit the hobgoblin.
The hobgoblin is almost dead.
The hobgoblin closely misses you.
You riposte.
You hit the hobgoblin but do no damage.
The hobgoblin is almost dead.
An endoplasm comes into view.
The goblin hits you with a +0 dagger.
You closely miss the hobgoblin.
The hobgoblin is almost dead.
The endoplasm quivers.
The hobgoblin barely misses you. The goblin barely misses you.
You hit the hobgoblin.
You kill the hobgoblin!
Trog accepts your kill. The goblin barely misses you.
You barely miss the goblin. The goblin hits you with a +0 dagger.
The ball python bites you but does no damage.
The ball python closely misses you.
You hit the goblin but do no damage. The goblin hits you with a +0 dagger.
The ball python bites you but does no damage.
The ball python barely misses you.
You closely miss the ball python. The goblin hits you with a +0 dagger.
* * * LOW HITPOINT WARNING * * *
The ball python bites you.
* * * LOW HITPOINT WARNING * * *
The ball python closely misses you.
You barely miss the goblin. The ball python bites you.
* * * LOW HITPOINT WARNING * * *
The ball python closely misses you. The goblin hits you but does no damage.
The goblin hits you with a +0 dagger.
You die...

#..### .. . #..#.
... .. #....##..
.###...#...
....:.#.# #..J...#
#.###..Sg..#
#......@...#
####.#.#......##
#....#.#.......###
#......#..........
##.............####
#.8....##......#
#<.....##......#
#.8....##......##
##..............#


You could see an endoplasm, a goblin and a ball python.

Vanquished Creatures
  A hobgoblin (D:1)
  A frilled lizard (D:1)
2 creatures vanquished.

Notes
Turn   | Place    | Note
-------+----------+-------------------------------------------
     0 | D:1      | KenzoKunn the Human Berserker began the quest for the Orb.
     0 | D:1      | Reached XP level 1. HP: 18/18 MP: 1/1
    28 | D:1      | Slain by a goblin

Illustrated notes

Levels and vault maps discovered:
D:1:      mrwooster_arrival_statue, layout_rooms, serial_forest,
          infiniplex_forest_lined_1, infiniplex_forest_lined_room_,
          infiniplex_forest_straight_3, infiniplex_forest_lined_ring,
          infiniplex_forest_clump_large, shapermc_ecumenical_altar_starsandcircs

Action                   || total
-------------------------++-------
Melee: Falchion          ||     9
Armor: Animal skin       ||     3
Dodge: Dodged            ||    11
       Rpst.: Falchion   ||     1

Table legend: (Time is in decaauts)
 A = Elapsed time spent in this place.
 B = Non-inter-level travel time spent in this place.
 C = Inter-level travel time spent in this place.
 D = Time resting spent in this place.
 E = Time spent auto-exploring this place.
 F = Levels seen in this place.
 G = Mean time per level.
                   A        B        C        D        E       F      G
               +--------+--------+--------+--------+--------+-----+--------+
         Total |     29 |     28 |      1 |      0 |      0 |   1 |   29.0 |
       Dungeon |     29 |     28 |      1 |      0 |      0 |   1 |   29.0 |
               +--------+--------+--------+--------+--------+-----+--------+

Top non-repeatable levels by time:
     D:1: 29 daAuts
